 Dungeon Crawl Stone Soup version 0.17-a0-1007-gb2305a1 (webtiles) character file.

523 Jine the Covered (level 7, -2/60 HPs)
             Began as a Human Fighter on May 13, 2015.
             Slain by a gnoll
             ... wielding a +0 flail
              (8 damage)
             ... on level 4 of the Dungeon.
             The game lasted 00:16:26 (4594 turns).

Jine the Covered (Human Fighter)                    Turns: 4594, Time: 00:16:27

Health: -2/60      AC: 13    Str: 22    XL:     7   Next: 46%
Magic:  7/7        EV:  6    Int:  8    God:
Gold:   177        SH:  0    Dex: 12    Spells: 0 memorised, 6 levels left

rFire  . . .     SeeInvis .     y - +5 scythe "Finisher" {speed, Str+3}
rCold  . . .     Clarity  .     t - +1 plate armour
rNeg   . . .     SustAb   .     (no shield)
rPois  .         Gourm    .     (no helmet)
rElec  .         Spirit   .     (no cloak)
rCorr  .         Warding  .     (no gloves)
rMut   .         Stasis   .     (no boots)
MR     .....                    (no amulet)
Stlth  ..........               (no ring)
                                (no ring)

@: about to teleport, not resistant to hostile enchantments, extremely
unstealthy
A: hooves 1, deterioration 1, robust 1
a: no special abilities


You were on level 4 of the Dungeon.
You were not hungry.

You visited 1 branch of the dungeon, and saw 5 of its levels.

You collected 177 gold pieces.

Inventory:

Hand weapons
 a - a +0 flail
 d - a +0 flail of protection
 g - a +3 hunting sling
 i - a +0 mace of protection
 l - a +0 whip
 y - the +5 scythe "Finisher" (weapon) {speed, Str+3}
   (You found it on level 4 of the Dungeon)

   Attacks with this weapon are significantly faster.
   It affects your strength (+3).
 D - a +0 antimagic flail
Missiles
 k - 21 stones (quivered)
Armour
 b - a +0 scale mail
 c - a +0 shield
 m - a +0 ring mail
 o - a cursed +0 scale mail
 p - a +0 ring mail
 q - a +1 chain mail
 t - a +1 plate armour (worn)
 w - a +0 ring mail
Scrolls
 r - a scroll of teleportation
 B - 2 scrolls of identify
 C - a scroll of recharging
 H - 3 scrolls of amnesia
Potions
 h - 2 potions of brilliance
 j - 2 potions of curing {unknown}
 u - a potion of ambrosia {unknown}
 v - a potion of flight {unknown}
 x - 2 potions of berserk rage {unknown}
 z - a potion of haste {unknown}
 A - a potion of poison {unknown}
 F - a potion of degeneration {unknown}
 G - a potion of cancellation {unknown}
Comestibles
 e - 4 bread rations
 n - a beef jerky
 s - a royal jelly
 E - a meat ration


   Skills:
 + Level 4.7 Fighting
 - Level 3.5 Maces & Flails
 * Level 3.0 Polearms
 + Level 4.8 Armour
 - Level 3.9 Shields


You had 6 spell levels left.
You didn't know any spells.

Dungeon Overview and Level Annotations

Branches:
Dungeon (5/15)
 Temple: D:4-7

Altars:
Zin


Innate Abilities, Weirdness & Mutations

You have large cloven feet.
Your body sometimes deteriorates upon taking damage.
You are robust (+10% HP).


Message History

The gnoll hits you but does no damage. x2
The hound bites you but does no damage. The orc priest barely misses you.
You hit the orc priest.
The orc priest is moderately wounded.
The hound closely misses you. The gnoll hits you but does no damage.
The gnoll hits you but does no damage.
The orc priest hits you but does no damage.
The hound bites you.
* * * LOW HITPOINT WARNING * * *
As you read the scroll of teleportation, it crumbles to dust.
You feel strangely unstable. The gnoll hits you with a flail.
* * * LOW HITPOINT WARNING * * *
The hound barely misses you. The gnoll hits you with a flail.
* * * LOW HITPOINT WARNING * * *
The orc priest hits you but does no damage.
It was a potion of mutation.
You feel extremely strange.
Your feet thicken and deform.
You feel robust.
You feel yourself wasting away. The hound bites you but does no damage.
The gnoll closely misses you. The gnoll hits you with a flail!
You die...

###..............
##...............#
#.....#######...##
#..#### ##### #.##
#.# #.######
##g....)#########
##
#h@o..##........##
.#
##g..######.####.##
.# #.### ### ##†#
.# ### #.. .# ##.
.# #######.. .##
#########........
..##
##.....##...######
#..##
###..#........#


You could see a hound, an orc priest and 2 gnolls.

Vanquished Creatures
  A crimson imp (D:5)
  A gnoll shaman (D:5)
  A hound (D:4)
  4 orc priests (D:4)
  Terence (D:2)
  2 worker ants (D:4)
  Natasha (D:4)
  A hound skeleton (D:4)
  3 gnolls (D:3)
  6 adders
  A shadow imp (D:4)
  An ooze (D:1)
  4 worms
  3 giant geckos (D:1)
  9 orcs (D:4)
  2 ball pythons
  11 bats
  6 giant cockroaches
  13 goblins
  9 hobgoblins
  9 kobolds
  11 giant newts
  3 quokkas
  10 rats
113 creatures vanquished.

Notes
Turn   | Place    | Note
--------------------------------------------------------------
     0 | D:1      | Jine the Human Fighter began the quest for the Orb.
     0 | D:1      | Reached XP level 1. HP: 18/18 MP: 1/1
   222 | D:1      | Reached XP level 2. HP: 24/24 MP: 2/2
   351 | D:1      | Reached XP level 3. HP: 27/29 MP: 3/3
  1761 | D:2      | Noticed Terence
  1788 | D:2      | Killed Terence
  1788 | D:2      | Reached XP level 4. HP: 30/35 MP: 4/4
  1810 | D:2      | Found a glowing silver altar of Zin.
  2416 | D:3      | Reached XP level 5. HP: 37/41 MP: 5/5
  2703 | D:3      | Reached skill level 4 in Fighting
  3463 | D:4      | Reached XP level 6. HP: 48/48 MP: 6/6
  3744 | D:4      | Noticed Natasha
  3759 | D:4      | Killed Natasha
  3945 | D:4      | Reached skill level 1 in Polearms
  4388 | D:4      | Reached XP level 7. HP: 52/55 MP: 7/7
  4544 | D:5      | Entered Level 5 of the Dungeon
  4594 | D:4      | Gained mutation: You have large cloven feet. [potion of mutation]
  4594 | D:4      | Gained mutation: You are robust (+10% HP). [potion of mutation]
  4594 | D:4      | Gained mutation: Your body sometimes deteriorates upon taking damage. [potion of mutation]
  4594 | D:4      | Slain by a gnoll

Vault maps used:
D:1:      lightli_iron_boxes
D:2:      zin_treasury, uniq_terence
D:3:      forest_paths, minmay_misc_feat_tiny
D:4:      uniq_natasha
D:5:      temple_green, first_bread

Action                   |  1- 3 |  4- 6 |  7- 9 || total
-------------------------+-------+-------+-------++-------
Melee: Flail             |     8 |   184 |       ||   192
       Mace              |   150 |       |       ||   150
       Scythe            |       |    58 |    45 ||   103
 Fire: Hunting sling     |       |     1 |       ||     1
  Use: Potion            |     1 |       |     1 ||     2
       Scroll            |       |    12 |     1 ||    13
  Eat: Bread ration      |     1 |     2 |       ||     3
